 Dungeon Crawl Stone Soup version 0.27.0-1-g7a089689b8 (webtiles) character file.

Game seed: 2106204109542779827

18586 inmateoo the Fighter (level 12, -14/133 HPs)
             Began as a Troll Gladiator on Aug 7, 2021.
             Was a Priest of Wu Jian.
             Demolished by an azure jelly (21 damage)
             ... in an ice cave.
             The game lasted 00:14:50 (9843 turns).

inmateoo the Fighter (Troll Gladiator)              Turns: 9843, Time: 00:14:51

Health: -14/133    AC: 19    Str: 25    XL:     12   Next: 29%
Magic:  0/2        EV: 10    Int: 11    God:    Wu Jian [***...]
Gold:   582        SH:  0    Dex: 11    Spells: 11/11 levels left

rFire    x . .     SeeInvis .     - Unarmed
rCold    + . .     Faith    .   (no shield)
rNeg     . . .     Spirit   +   y - quicksilver dragon scales
rPois    .         Reflect  .   m - +1 hat {Int+3}
rElec    .         Harm     .   l - +0 cloak
rCorr    .         Rampage  .   (gloves unavailable)
Will     +++..                  (boots unavailable)
Stlth    +.........             w - amulet of Reetuu {Spirit Will++ MP-9}
HPRegen  1.32/turn              n - +4 ring of protection
MPRegen  0.08/turn              z - ring of ice

@: mighty, very slightly contaminated, studying Maces & Flails, invisible
A: large, unfitting armour, claws 3, regeneration 1, shaggy fur 1, tough skin 1
a: Renounce Religion, Wall Jump, Serpent's Lash


You were in an ice cave.
You worshipped Wu Jian.
Wu Jian was most pleased with you.
You visited 2 branches of the dungeon, and saw 12 of its levels.
You also visited: Sewer and Ice Cave.

You collected 685 gold pieces.
You spent 103 gold pieces at shops.

Inventory:

Hand Weapons
 C - a +2 scimitar of flaming
Missiles
 c - 5 throwing nets
 j - 18 boomerangs (quivered)
Armour
 l - a +0 cloak (worn)
 m - a +1 hat of intelligence (worn)
 y - quicksilver dragon scales (worn)
Jewellery
 n - a +4 ring of protection (left claw)
 w - the amulet of Reetuu (around neck) {Spirit Will++ MP-9}
   (You took it off a gnoll on level 6 of the Dungeon)

   [amulet of guardian spirit]

   It causes incoming damage to be divided between your reserves of health and
   magic.
   MP:        It affects your magic capacity (-9).
   Will:      It greatly increases your willpower.
 x - a ring of flight
 z - a ring of ice (right claw)
Wands
 u - a wand of paralysis (4)
 B - a wand of acid (6)
Scrolls
 a - a scroll of silence
 b - 2 scrolls of fog
 e - a scroll of holy word
 g - 2 scrolls of identify
 i - 2 scrolls of teleportation
 r - a scroll of magic mapping
 s - a scroll of blinking
 t - a scroll of enchant weapon
 A - 2 scrolls of fear
Potions
 d - 3 potions of heal wounds
 f - 4 potions of curing
 k - 3 potions of mutation
 o - 2 potions of lignification
 p - 2 potions of magic
 q - a potion of brilliance
 v - 7 potions of flight


   Skills:
 * Level 12.4 Fighting
 - Level 5.0 Throwing
 + Level 4.6 Armour
 - Level 5.0 Dodging
 + Level 10.9 Unarmed Combat


You had 11 spell levels left.
You didn't know any spells.
Your spell library contained the following spells:

 Spells                   Type           Power      Damage    Failure   Level
 Summon Guardian Golem    Hex/Summ       0%         N/A       83%         3
 Hailstorm                Conj/Ice       0%         3d3       99%         4
 Ice Form                 Ice/Tmut       0%         N/A       99%         4
 Simulacrum               Ice/Necr       0%         N/A       100%        6
 Orb of Destruction       Conj           0%         N/A       100%        7
 Spellforged Servitor     Conj/Summ      0%         N/A       100%        7


Dungeon Overview and Level Annotations

Branches:
Dungeon (11/15)            Temple (1/1) D:6            Lair (0/6) D:8
    Orc (0/2) D:10          Sewer (visited)           IceCv (1/1)

Altars:
Ashenzari
Cheibriados
Dithmenos
Fedhas
Gozag
Hepliaklqana
Kikubaaqudgha
Nemelex Xobeh
Qazlal
Ru
Sif Muna
Trog
Uskayaw
Vehumet
Wu Jian
Xom
Yredelemnul
Zin
The Shining One

Shops:
D:1 [


Innate Abilities, Weirdness & Mutations

You are too large for most types of armour.
You have claws for hands.
Your natural rate of healing is unusually fast.
You are covered in fur. (AC +1)
You have tough skin. (AC +1)


Message History

Okay, then.
Okay, then.
It was a potion of invisibility.
You fade into invisibility!
You are very lightly contaminated with residual magic.
You barely miss the azure jelly.
The azure jelly hits you but does no damage. x2
The azure jelly hits you.
The azure jelly hits you but does no damage.
You scratch the azure jelly but do no damage.
The azure jelly barely misses you. The azure jelly hits you.
The azure jelly freezes you! You resist.
The azure jelly hits you but does no damage. x2
You mangle the azure jelly!!
The azure jelly is moderately wounded.
The azure jelly hits you but does no damage. x2
The azure jelly barely misses you. The azure jelly hits you.
You claw the azure jelly! You claw the azure jelly.
The azure jelly is heavily wounded.
The azure jelly hits you. The azure jelly freezes you! You resist.
The azure jelly hits you. The azure jelly freezes you! You resist.
The azure jelly closely misses you.
The azure jelly hits you but does no damage.
You claw the azure jelly!
The azure jelly is severely wounded.
The azure jelly hits you! The azure jelly freezes you!! You resist.
* * * LOW HITPOINT WARNING * * *
The azure jelly hits you.
* * * LOW HITPOINT WARNING * * *
The azure jelly freezes you! You resist.
* * * LOW HITPOINT WARNING * * *
The azure jelly barely misses you. The azure jelly hits you!
* * * LOW HITPOINT WARNING * * *
You claw the azure jelly!
The azure jelly is almost dead.
The azure jelly hits you but does no damage.
The azure jelly hits you.
* * * LOW HITPOINT WARNING * * *
The azure jelly freezes you!! You resist.
You die...

#......##..####..##..#.
#......##..# #...#..##
##..##.##..# ##..##..#
#.##..##..## #..##..#
####..###..# ##..#...#
#...###..###..##..##
##....##...##..##..#.
##.....##...#...##.##.
#....@..#.......#..#..
#....J..##....#....#..
#...#.#...#....#...##..
#.........##..##...#..#
#..#._.#..##.##...##..#
#...... ..#####..##..##
...#. ..# #..##...#
#... .## #......##
#......#


You could see an azure jelly.

Vanquished Creatures
  Gastronok (D:8)
  An azure jelly (IceCv)
  Fannar (D:10)
  Harold (D:10)
  A centaur warrior (D:11)
  Erica (D:10)
  A two-headed ogre (D:7)
  The ghost of stickyfingers the Cleaver, a novice HOGl (D:6)
  A cyclops (D:11)
  Maurice (D:10)
  Joseph (D:8)
  A gargoyle (D:11)
  An ice statue (IceCv)
  2 kobold demonologists (D:10)
  Psyche (D:10)
  An entropy weaver simulacrum (IceCv)
  2 hornets
  9 slime creatures
  Sigmund (D:2)
  2 wraiths (D:11)
  9 yaks
  3 wyverns
  A steam dragon (D:7)
  Grum (D:8)
  2 demonic crawler simulacra (IceCv)
  A water moccasin (D:7)
  4 black bears
  An orc warrior (D:7)
  An ice beast (D:5)
  A necrophage (D:8)
  3 ugly thing simulacra (IceCv)
  4 wolves
  6 centaurs
  2 phantoms
  3 kobold brigands
  3 gnoll sergeants (D:6)
  A wyvern zombie (D:7)
  6 bullfrogs
  2 scorpions
  7 glowing shapeshifter simulacra (IceCv)
  2 wyvern skeletons
  A howler monkey (D:11)
  A bullfrog zombie (D:5)
  2 centaur zombies
  A jelly (D:5)
  A bullfrog skeleton (D:6)
  An orc priest (D:7)
  2 gnoll shamans
  An iguana (D:4)
  A scorpion zombie (D:5)
  5 orc wizards
  A killer bee zombie (D:9)
  A hound skeleton (D:4)
  Robin (D:3)
  10 gnolls
  14 adders
  A howler monkey skeleton (D:5)
  A white imp (D:5)
  An adder skeleton (D:4)
  7 worms
  6 dart slugs
  22 orcs
  9 ball pythons
  11 endoplasms
  4 giant cockroaches
  16 goblins
  7 hobgoblins
  15 jackals
  18 kobolds
  7 quokkas
  21 bats
  3 frilled lizards
  2 rats
288 creatures vanquished.

Vanquished Creatures (others)
  A slime creature (IceCv)
  2 demonic crawler simulacra (IceCv)
  2 ugly thing simulacra (IceCv)
  27 fungi (D:8)
  36 plants
  5 withered plants (D:3)
73 creatures vanquished.

Grand Total: 361 creatures vanquished

Notes
Turn   | Place    | Note
-------+----------+-------------------------------------------
     0 | D:1      | inmateoo the Troll Gladiator began the quest for the Orb.
     0 | D:1      | Reached XP level 1. HP: 19/19 MP: 0/0
    42 | D:1      | Reached XP level 2. HP: 28/28 MP: 1/1
   109 | D:1      | Found Ekyuff's Antique Armour Boutique.
   117 | D:1      | Reached skill level 2 in Fighting
   177 | D:1      | Reached XP level 3. HP: 35/35 MP: 2/2
   185 | D:1      | Found a faded altar of an unknown god.
   607 | D:2      | Reached XP level 4. HP: 41/44 MP: 3/3
   626 | D:2      | Noticed Sigmund
   653 | D:2      | Killed Sigmund
   654 | D:2      | Reached skill level 3 in Fighting
   654 | D:2      | Reached XP level 5. HP: 7/53 MP: 4/4
  1112 | D:3      | Reached XP level 6. HP: 60/61 MP: 5/5
  1136 | D:3      | Noticed Robin
  1145 | D:3      | Killed Robin
  1333 | D:3      | Found an ancient bone altar of Kikubaaqudgha.
  1374 | D:3      | Found a blossoming altar of Fedhas.
  2293 | D:4      | Found a glowing drain.
  2299 | Sewer    | Entered a sewer
  2304 | Sewer    | Reached skill level 4 in Fighting
  2945 | D:5      | Entered Level 5 of the Dungeon
  2972 | D:5      | Reached XP level 7. HP: 70/70 MP: 6/6
  3029 | D:5      | You fall into a shaft and drop 2 floors!
  3036 | D:6      | Found a glowing silver altar of Zin.
  3036 | D:6      | Found a snail-covered altar of Cheibriados.
  3106 | D:6      | Found a staircase to the Ecumenical Temple.
  3141 | Temple   | Entered the Ecumenical Temple
  3184 | Temple   | Became a worshipper of the Wu Jian Council
  3265 | D:5      | Noticed a wyvern
  3274 | D:5      | Killed a wyvern
  3275 | D:5      | Reached skill level 5 in Fighting
  3275 | D:5      | Reached skill level 5 in Unarmed Combat
  3328 | D:5      | Reached XP level 8. HP: 74/80 MP: 7/7
  4112 | D:6      | Found a transporter.
  4156 | D:6      | Found a transporter.
  4157 | D:6      | Noticed stickyfingers's ghost (novice HOGl)
  4268 | D:6      | Identified the amulet of Reetuu {Spirit Will++ MP-9}
  4281 | D:6      | Reached * piety under Wu Jian
  4282 | D:6      | Reached skill level 6 in Fighting
  4461 | D:6      | Killed stickyfingers's ghost
  4462 | D:6      | Reached skill level 5 in Throwing
  4462 | D:6      | Reached skill level 5 in Dodging
  4462 | D:6      | Reached XP level 9. HP: 66/92 MP: 6/8
  4672 | D:6      | Reached skill level 7 in Fighting
  4889 | D:1      | Bought a glowing robe for 103 gold pieces
  5093 | D:7      | Found a hazy altar of Hepliaklqana.
  5097 | D:7      | Noticed a two-headed ogre
  5128 | D:7      | Killed a two-headed ogre
  5129 | D:7      | Reached skill level 8 in Fighting
  5744 | D:8      | Reached XP level 10. HP: 82/106 MP: 0/9
  5804 | D:8      | Found a staircase to the Lair.
  5813 | D:8      | Reached skill level 9 in Fighting
  5820 | D:8      | Noticed Joseph
  5885 | D:8      | Killed Joseph
  6116 | D:8      | Reached ** piety under Wu Jian
  6173 | D:8      | Noticed Gastronok
  6173 | D:8      | Noticed Grum
  6312 | D:8      | Killed Gastronok
  6313 | D:8      | Reached skill level 10 in Fighting
  6600 | D:8      | Killed Grum
  6656 | D:8      | Found a sacrificial altar of Ru.
  7299 | D:9      | Reached XP level 11. HP: 103/119 MP: 1/10
  7626 | D:10     | Entered Level 10 of the Dungeon
  7640 | D:10     | Found a shadowy altar of Dithmenos.
  7666 | D:10     | Noticed Psyche
  7683 | D:10     | Killed Psyche
  7721 | D:10     | Noticed Fannar
  7733 | D:10     | Killed Fannar
  7734 | D:10     | Reached skill level 1 in Armour
  7884 | D:10     | Noticed Harold
  7890 | D:10     | Killed Harold
  7891 | D:10     | Reached skill level 11 in Fighting
  7915 | D:10     | Noticed Maurice
  7952 | D:10     | Killed Maurice
  8039 | D:10     | Reached skill level 10 in Unarmed Combat
  8077 | D:10     | Found a staircase to the Orcish Mines.
  8092 | D:10     | Noticed Erica
  8317 | D:10     | Killed Erica
  8916 | D:11     | Noticed a centaur warrior
  8922 | D:11     | Reached *** piety under Wu Jian
  8925 | D:11     | Killed a centaur warrior
  8986 | D:11     | Found a frozen archway.
  8998 | D:11     | Reached skill level 12 in Fighting
  9018 | IceCv    | Entered an ice cave
  9028 | IceCv    | Reached XP level 12. HP: 123/132 MP: 2/11
  9825 | IceCv    | Found a viscous altar of Jiyva.
  9825 | IceCv    | Noticed an azure jelly
  9832 | IceCv    | Noticed an azure jelly
  9834 | IceCv    | Killed an azure jelly
  9843 | IceCv    | Demolished by an azure jelly

Illustrated notes

Levels and vault maps discovered:
D:1:      lightli_arrival_flooded_house, layout_rooms,
          ebering_ecumenical_altar_hall, serial_shops,
          nicolae_shop_temple_entry_statues_fountains
D:2:      layout_basic, uniq_sigmund
D:3:      layout_loops_ring, fedhas_altar_4, kiku_gazebo_garden_becter,
          uniq_robin, uniq_grinder
D:4:      layout_basic, portal_sewer_entry_e
D:5:      layout_loops_ring, minivault_25, serial_park_tiny_1
D:6:      layout_rooms, minitemple, minmay_temple_entry_slanted,
          gammafunk_ghost_gnarly_gnolls, minmay_small_thing
D:7:      layout_basic, mainiacjoe_overflow_small_starburst
D:8:      layout_basic, kennysheep_mini, due_lair_maze_entry_diamond,
          kennysheep_small_circle, uniq_grum, uniq_joseph, uniq_gastronok
D:9:      layout_loops_corners, grunt_decor_one_mirror
D:10:     layout_rooms, mainiacjoe_overflow_alcove_4, orc_0_dummy, uniq_psyche,
          uniq_fannar, uniq_maurice, uniq_harold, uniq_erica
D:11:     layout_roguey, portal_ice_cave_entry_pillars_2
Temple:   eino_wide_crystal_templ
IceCv:    ice_cave_hellmonk_azure_passage

Skill      XL: |  1  2  3  4  5  6  7  8  9 10 11 12 |
---------------+-------------------------------------+-----
Throwing       | 2 3 4 5 |  5.0
Fighting       | 2 3 4 5 6 8 10 12 | 12.4
Dodging        | 3 4 5 |  5.0
Unarmed Combat | 4 5 6 7 9 10 | 10.9
Armour         | 3 4 |  4.6

Action                   |  1- 3 |  4- 6 |  7- 9 | 10-12 || total
-------------------------+-------+-------+-------+-------++-------
Melee: Unarmed           |   123 |   252 |   277 |   438 ||  1090
       Punch             |     2 |     3 |     6 |    22 ||    33
Throw: Boomerang         |     4 |     2 |    11 |    10 ||    27
       Throwing net      |       |     3 |       |     3 ||     6
Invok: Lunge             |       |       |    14 |    19 ||    33
       Whirlwind         |       |       |     4 |    42 ||    46
       Serpent's Lash    |       |       |       |     3 ||     3
 Abil: Wall Jump         |       |       |       |     4 ||     4
  Use: Scroll            |       |    11 |     6 |     4 ||    21
       Potion            |       |     1 |       |     2 ||     3
Armor: Robe              |    49 |   137 |    94 |    72 ||   352
       Quicksilver drago |       |       |       |   112 ||   112
Dodge: Dodged            |    85 |   138 |   139 |   166 ||   528
